 Dungeon Crawl Stone Soup version 0.27.1-1-g398f81649c (webtiles) character file.

Game seed: 4401099241927367578

383 nxtlvl the Grappler (level 6, -2/47 HPs)
             Began as a Minotaur Transmuter on Sept 18, 2021.
             Succumbed to a kobold brigand's curare-tipped dart
             ... in a sewer.
             The game lasted 00:08:24 (983 turns).

nxtlvl the Grappler (Minotaur Transmuter)            Turns: 983, Time: 00:08:25

Health: -2/47      AC:  6    Str: 16    XL:     6   Next: 47%
Magic:  7/7        EV:  9    Int: 10    God:
Gold:   36         SH:  0    Dex: 11    Spells: 6/7 levels left

rFire    . . .     SeeInvis .     - Unarmed
rCold    . . .     Faith    .   (no shield)
rNeg     + . .     Spirit   .   c - +0 scale mail
rPois    .         Reflect  .   (helmet restricted)
rElec    .         Harm     .   (no cloak)
rCorr    .         Rampage  .   (no gloves)
Will     .....                  (no boots)
Stlth    ..........             (no amulet)
HPRegen  0.15/turn              e - ring of positive energy
MPRegen  0.10/turn              (no ring)

@: lethally poisoned (-2 -> -5), slowed, very slow
A: horns 2, retaliatory headbutt
a: no special abilities


You were in a sewer.
You visited 1 branch of the dungeon, and saw 5 of its levels.
You also visited: Sewer.

You collected 36 gold pieces.

Inventory:

Missiles
 f - 17 sling bullets
 g - 23 arrows
Armour
 c - a +0 scale mail (worn)
Jewellery
 e - a ring of positive energy (left hand)
Scrolls
 a - 2 scrolls of identify {unknown}
 b - 2 scrolls of fog {unknown}
 d - a scroll of teleportation {unknown}
 h - a scroll of vulnerability {unknown}
 i - a scroll of noise {unknown}


   Skills:
 + Level 1.3 Fighting
 - Level 2.1 Dodging
 * Level 8.1 Unarmed Combat
 - Level 1.3 Spellcasting
 - Level 1.5 Transmutations


You had 6 spell levels left.
You knew the following spells:

 Your Spells              Type           Power      Damage    Failure   Level
a - Beastly Appendage     Tmut           6%         N/A       56%         1

Your spell library contained the following spells:

 Spells                   Type           Power      Damage    Failure   Level
 Wereblood                Tmut           3%         N/A       71%         2
 Spider Form              Tmut/Pois      1%         N/A       95%         3
 Ice Form                 Ice/Tmut       2%         N/A       100%        4


Dungeon Overview and Level Annotations

Branches:
Dungeon (5/15)              Sewer (1/1)
 Temple: D:4-7

Altars:
Wu Jian
The Shining One

Shops:
D:3 *!


Innate Abilities, Weirdness & Mutations

You have a pair of horns on your head.
You reflexively headbutt those who attack you in melee.


Message History

Moving in this stuff is going to be slow.
Found a gate leading back out of this place.
A jackal and a kobold come into view.
The jackal barks!
You hear a shout!
A kobold brigand comes into view.
It is wielding a +0 dagger and quivering curare-tipped darts.
You hear a shout!
What are your orders? t - Shout!
Orders for allies: a - Attack new target. r - Retreat! s - Stop attacking. g - Guard the area. f - Follow me.
Anything else - Cancel.
You shout for attention!
The kobold brigand shouts!
The kobold brigand throws a curare-tipped dart.
The curare-tipped dart hits you.
You are poisoned.
You have difficulty breathing.
You feel yourself slow down.
A kobold comes into view. It is wielding a +0 dagger.
You feel very sick.
You enter the shallow water.
Moving in this stuff is going to be slow.
You feel very sick.
The kobold brigand throws a curare-tipped dart.
The curare-tipped dart hits you.
You are lethally poisoned!
You have difficulty breathing.
You feel as though you will be slow longer.
* * * LOW HITPOINT WARNING * * *
You feel extremely sick.
You aren't carrying any potions.
Unknown command.
* * * LOW HITPOINT WARNING * * *
You feel very sick. The jackal barely misses you.
The jackal bites you but does no damage.
* * * LOW HITPOINT WARNING * * *
You feel very sick. The jackal barely misses you. You furiously retaliate!
You headbutt the jackal. The jackal closely misses you.
You die...

#..≈....# #.≈≈K≈≈≈#
#.K≈≈≈K≈# #≈≈≈≈≈≈.#
#≈≈≈≈≈≈≈# #.≈≈≈≈≈.#
#..≈≈≈≈.#
#.≈≈≈≈.≈####################
#≈.≈≈≈≈≈≈h≈@≈≈≈≈≈≈≈≈≈≈≈≈≈≈≈.
#.≈≈≈≈≈≈####################
##.≈≈≈≈## #.≈≈≈. #.≈≈≈.
∩..≈≈≈. ##.≈≈≈. #.≈≈


You could see a jackal.

Vanquished Creatures
  A necrophage (D:4)
  A scorpion (D:3)
  A water moccasin skeleton (D:4)
  An orc priest (D:4)
  A hound (D:4)
  2 orc wizards (D:4)
  An adder (D:4)
  A river rat (Sewer)
  2 worms
  3 dart slugs
  12 orcs
  2 endoplasms
  3 giant cockroaches
  2 goblins (D:3)
  3 hobgoblins
  3 jackals (D:3)
  2 ball pythons
  3 bats (D:3)
  A frilled lizard (D:3)
  4 rats
49 creatures vanquished.

Notes
Turn   | Place    | Note
-------+----------+-------------------------------------------
     0 | D:1      | nxtlvl the Minotaur Transmuter began the quest for the Orb.
     0 | D:1      | Reached XP level 1. HP: 16/16 MP: 1/1
    86 | D:4      | Found an ornate altar of the Wu Jian Council.
    87 | D:4      | Noticed an orc wizard
   119 | D:3      | Reached skill level 4 in Unarmed Combat
   119 | D:3      | Reached XP level 2. HP: 15/23 MP: 3/3
   274 | D:3      | Reached XP level 3. HP: 25/28 MP: 2/4
   330 | D:3      | Noticed a scorpion
   339 | D:3      | Killed a scorpion
   340 | D:3      | Reached skill level 5 in Unarmed Combat
   340 | D:3      | Reached XP level 4. HP: 14/35 MP: 1/5
   381 | D:3      | Found Qampec's Distillery.
   433 | D:3      | Found Vautajurr's Assorted Antiques.
   462 | D:4      | Found a glowing golden altar of the Shining One.
   508 | D:4      | Reached skill level 6 in Unarmed Combat
   512 | D:4      | Noticed a necrophage
   520 | D:4      | Killed a necrophage
   521 | D:4      | Reached skill level 7 in Unarmed Combat
   521 | D:4      | Reached XP level 5. HP: 14/40 MP: 2/6
   687 | D:4      | Reached XP level 6. HP: 30/47 MP: 4/7
   837 | D:4      | Reached skill level 8 in Unarmed Combat
   877 | D:5      | Entered Level 5 of the Dungeon
   896 | D:5      | Found a glowing drain.
   936 | Sewer    | Entered a sewer
   982 | Sewer    | HP: 1/47 [poisoned by a kobold brigand (curare-tipped
                  | dart)]
   983 | Sewer    | Succumbed to a kobold brigand's curare-tipped dart

Illustrated notes

Levels and vault maps discovered:
D:1:      minmay_arrival_loop, layout_rooms
D:2:      layout_basic, serial_shops, shop, basic_altar
D:3:      minmay_inner_zag, layout_loops_corners, serial_shops, shop,
          nicolae_shop_stone, shop, nicolae_shop_statue_plus
D:4:      layout_basic, mainiacjoe_overflow_cross_hatched, lemuel_tele_altar
D:5:      layout_loops_corners, grunt_ashenzari_visionary
          [grunt_ashenzari_visionary_swamp, grunt_ashenzari_visionary_snake],
          cheibrodos_sewer_entry_drain, roderic_batcave, st_stairs_13,
          nzn_random_ring
Sewer:    sewer_kobolds

Skill      XL: |  1  2  3  4  5  6 |
---------------+-------------------+-----
Unarmed Combat | 4 5 7 8 |  8.1
Fighting       | |  1.3
Dodging        | |  2.1
Spellcasting   | |  1.3
Transmutations | |  1.5

Action                   |  1- 3 |  4- 6 || total
-------------------------+-------+-------++-------
Melee: Unarmed           |    47 |    86 ||   133
       Headbutt          |    12 |     8 ||    20
       Kick              |     7 |    10 ||    17
       Punch             |     1 |     1 ||     2
 Cast: Beastly Appendage |     9 |     9 ||    18
 Stab: Sleeping          |     3 |       ||     3
Armor: Robe              |     5 |       ||     5
       Scale mail        |     2 |    14 ||    16
Dodge: Dodged            |    21 |    27 ||    48
